 Dungeon Crawl Stone Soup version 0.20-a0-941-gba1b1f9 (webtiles) character file.

44 4thArraOfDagon the Skirmisher (level 3, -1/30 HPs)
             Began as a Mummy Monk on Mar 31, 2017.
             Slain by a worker ant (5 damage)
             ... on level 4 of the Dungeon.
             The game lasted 00:02:53 (688 turns).

4thArraOfDagon the Skirmisher (Mummy Monk)           Turns: 688, Time: 00:02:53

Health: -1/30      AC:  8    Str: 14    XL:     3   Next: 39%
Magic:  3/3        EV:  7    Int: 10    God:
Gold:   25         SH:  0    Dex: 18    Spells: 2/2 levels left

rFire    . . .     SeeInvis .   h - +5 whip of the Invisible Ghosts {slash, rF+ Dex+4}
rCold    + + .     Gourm    .   (no shield)
rNeg     + + +     Faith    .   b - +0 chain mail
rPois    ∞         Spirit   .   (no helmet)
rElec    .         Reflect  .   (no cloak)
rCorr    .         Harm     .   (no gloves)
MR       .....                  (no boots)
Stlth    ..........             (no amulet)
Regen    0.1/turn               i - ring of protection from cold
MPRegen  0.1/turn               (no ring)

@: no status effects
A: no food or potions, fire vulnerability, cold resistance 1, negative energy
resistance 3, torment resistance, unbreathing
a: no special abilities


You were on level 4 of the Dungeon.
You were not hungry.

You visited 1 branch of the dungeon, and saw 4 of its levels.

You collected 25 gold pieces.

Inventory:

Hand Weapons
 h - the +5 whip of the Invisible Ghosts (weapon) {slash, rF+ Dex+4}
   (You found it on level 4 of the Dungeon)

   It inflicts extra damage upon your enemies.
   It affects your dexterity (+4).
   It protects you from fire.
Armour
 a - a +0 robe
 b - a +0 chain mail (worn)
Jewellery
 e - an uncursed ring of protection from magic {unknown}
 i - a ring of protection from cold (left hand)
Scrolls
 d - a scroll of fog {unknown}
 f - a scroll of recharging {unknown}
 g - a scroll of remove curse {unknown}
Books
 c - a book of Flames

   Spells                             Type                      Level
   a - Flame Tongue                   Conjuration/Fire             1
   b - Throw Flame                    Conjuration/Fire             2
   c - Conjure Flame                  Conjuration/Fire             3
   d - Inner Flame                    Hexes/Fire                   3
   e - Sticky Flame                   Conjuration/Fire             4
   f - Fireball                       Conjuration/Fire             5


   Skills:
 - Level 4.0 Fighting
 * Level 1.2 Maces & Flails
 - Level 3.2 Dodging
 - Level 3.2 Stealth
 - Level 1.9 Unarmed Combat


You had 2 spell levels left.
You didn't know any spells.

Dungeon Overview and Level Annotations

Branches:
Dungeon (4/15)
 Temple: D:4-7

Altars:

Portals:
Ossuary: D:4

Annotations:
D:3 Grinder


Innate Abilities, Weirdness & Mutations

You do not eat or drink.
Your flesh is vulnerable to fire.
You are immune to poison.
Your flesh is cold resistant. (rC+)
You are immune to negative energy. (rN+++)
You are immune to unholy pain and torment.
You can survive without breathing.


Message History

The worker ant bites you.
You hit the worker ant.
The worker ant is heavily wounded.
The worker ant bites you.
The worker ant bites you but does no damage.
You hit the worker ant.
The worker ant is severely wounded.
The worker ant bites you.
* * * LOW HITPOINT WARNING * * *
You hit the worker ant.
The worker ant is almost dead.
The worker ant bites you.
* * * LOW HITPOINT WARNING * * *
You hit the worker ant but do no damage.
The worker ant is almost dead.
The worker ant barely misses you.
You completely miss the worker ant.
The worker ant is almost dead.
The worker ant bites you.
You die...

..... ..... ..... .# ..... ##.#
.#.## #..# ...>. ##.. ..... #...
# ..# ...........###..#####...#
.... ...........?....@a......#
#.%).
............###.#####...####....#
........... #.#####.. ##.....#
...........####.#...... #....#
..................#### ###.#.#
.........##..........###.....####
##....#####...........##...###...
##.........................# #...
.†......##.............##..###...


You could see a worker ant.

Vanquished Creatures
  A worker ant (D:4)
  An orc (D:4)
  A giant cockroach (D:4)
  2 goblins (D:1)
  4 hobgoblins
  2 jackals (D:1)
  A quokka (D:3)
  A ball python (D:4)
  3 bats
  2 frilled lizards
  A rat (D:4)
19 creatures vanquished.

Notes
Turn   | Place    | Note
-------+----------+-------------------------------------------
     0 | D:1      | 4thArraOfDagon the Mummy Monk began the quest for the Orb.
     0 | D:1      | Reached XP level 1. HP: 19/19 MP: 1/1
    98 | D:1      | Reached skill level 1 in Unarmed Combat
   173 | D:1      | Reached XP level 2. HP: 8/25 MP: 2/2
   410 | D:4      | Found a sand-covered staircase.
   445 | D:4      | Noticed a crimson imp
   506 | D:3      | Noticed Grinder
   602 | D:4      | Got a fine whip
   603 | D:4      | Identified the +5 whip of the Invisible Ghosts {slash, rF+ Dex+4} (You found it on level 4 of the Dungeon)
   626 | D:4      | Reached skill level 1 in Maces & Flails
   626 | D:4      | Reached XP level 3. HP: 12/30 MP: 3/3
   688 | D:4      | Slain by a worker ant

Vault maps used:
D:1:      lightli_arrival_windingriver
D:3:      okawaru_ov_weapons_minmay, minmay_door_square, st_stairs_12,
          uniq_robin, uniq_sigmund, uniq_grinder
D:4:      nicolae_ossuary_entry_monument, serial_shops, shop,
          minmay_close_crescents

Skill      XL: |  1  2 |
---------------+-------+-----
Unarmed Combat | 1 |  1.9
Maces & Flails | 1 |  1.2
Fighting       | |  4.0
Dodging        | |  3.2
Stealth        | |  3.2

Action                   || total
-------------------------++-------
Melee: Unarmed           ||   150
       Punch             ||     1
       Whip              ||    11
  Use: Scroll            ||     1
Armor: Chain mail        ||   112
Dodge: Dodged            ||    81
